WCHLSIM.com - West Coast Hockey League
html PUBLIC "-//W3C//DTD XHTML 1.0 Transitional//EN" "http://www.w3.org/TR/xhtml1/DTD/xhtml1-transitional.dtd"> WCHL - Game 507 - COLORADO GLACIERCATS vs PORTLAND PIRATES

COLORADO GLACIERCATS vs PORTLAND PIRATES

Created - 23 décembre 2023 at 23:22

Goals
1 2 3 T
COLORADO GLACIERCATS 1 1 0 2
PORTLAND PIRATES 0 0 4 4
Shots
1 2 3 T
COLORADO GLACIERCATS 7 14 7 28
PORTLAND PIRATES 11 8 16 35

1st period

1. COLORADO GLACIERCATS , Anze Kopitar 14 (Tomas Hertl 20, Vladislav Gavrikov 4) at 1:16

Penalties :
Tomas Hertl (COL) for Hooking (Minor) at 10:30, Brett Pesce (POR) for Hooking (Minor) at 18:21

2nd period

2. COLORADO GLACIERCATS , Leon Draisaitl 14 (Devon Toews 16, Jamie Benn 15) at 2:29

Penalties :
Anze Kopitar (COL) for Holding (Minor) at 8:43, Marc Staal (POR) for Tripping (Minor) at 12:40

3rd period

3. PORTLAND PIRATES , Thomas Chabot 2 (Travis Konecny 18, Mika Zibanejad 21) at 0:44 (PP)
4. PORTLAND PIRATES , Mika Zibanejad 19 (Travis Konecny 19) at 2:25
5. PORTLAND PIRATES , Travis Konecny 15 (Mika Zibanejad 22) at 13:02
6. PORTLAND PIRATES , Marc Staal 1 (Michael Amadio 4, William Carrier 1) at 16:05

Penalties :
Anze Kopitar (COL) for High sticking (Minor) at 0:24, Anze Kopitar (COL) for Hooking (Minor) at 13:53

Goalie Stats

Andrei Vasilevskiy (COL), 31 saves from 35 shots - (0,886), L, 19-6-2, 60:00 minutes
Martin Jones (POR), 26 saves from 28 shots - (0,929), W, 19-11-0, 60:00 minutes

Players Stats for COLORADO GLACIERCATS

Player Name              G  A  P  +/- PIM S  H  SB GA TA FO     MP     PP MP  PK MP  
------------------------------------------------------------------------------------
Adam Ruzicka             0  0  0   0  0   0  0  0  0  0  0/0     2:53   0:00   0:00 
Alexander Wennberg       0  0  0  -1  0   2  0  0  0  0  5/17   17:37   0:00   3:34 
Anze Kopitar             1  0  1   1  6   6  1  1  0  0  13/27  20:31   1:47   0:00 
Bryan Rust               0  0  0   1  0   2  1  0  0  0  0/2    20:51   2:11   2:46 
Cole Perfetti            0  0  0  -1  0   1  1  0  0  0  0/0    14:03   0:00   0:00 
Devon Toews              0  1  1   1  0   1  3  1  0  0  0/0    24:44   1:52   3:45 
Dylan Samberg            0  0  0  -1  0   0  1  0  0  0  0/0    11:43   0:00   0:00 
Jamie Benn               0  1  1  -1  0   2  1  0  0  0  3/3    19:51   2:11   0:45 
Kristopher Letang        0  0  0   0  0   1  1  1  0  0  0/0    24:41   1:52   2:32 
Leon Draisaitl           1  0  1  -1  0   2  1  0  0  0  0/0    18:42   1:47   0:00 
Mario Ferraro            0  0  0  -1  0   1  0  1  0  0  0/0    15:28   0:00   3:45 
Matt Martin              0  0  0   0  0   0  0  0  0  0  0/0     0:00   0:00   0:00 
Nino Niederreiter        0  0  0  -1  0   2  2  0  0  0  0/0    14:03   0:00   0:00 
Sam Lafferty             0  0  0   0  0   0  3  0  0  0  1/1     6:12   0:00   3:19 
Tage Thompson            0  0  0  -1  0   6  0  0  0  0  12/24  19:06   2:11   0:00 
Tomas Hertl              0  1  1   1  2   2  1  0  0  0  3/3    19:50   1:47   2:10 
Vince Dunn               0  0  0  -1  0   0  5  0  0  0  0/0    21:01   2:06   0:00 
Vladislav Gavrikov       0  1  1   0  0   0  5  1  0  0  0/0    22:23   2:06   2:32 

Players Stats for PORTLAND PIRATES

Player Name              G  A  P  +/- PIM S  H  SB GA TA FO     MP     PP MP  PK MP  
------------------------------------------------------------------------------------
Alec Martinez            0  0  0   0  0   1  0  1  0  0  0/0    19:22   2:39   1:23 
Brett Pesce              0  0  0   1  2   0  0  2  0  0  0/0    18:25   0:00   0:59 
Brian Dumoulin           0  0  0   0  0   0  0  0  0  0  0/0    18:28   0:00   1:30 
Chandler Stephenson      0  0  0  -1  0   3  1  2  0  0  13/26  19:58   3:01   0:13 
Marc Staal               1  0  1   0  2   2  1  1  0  0  0/0    13:01   0:00   1:22 
Michael Amadio           0  1  1   1  0   0  0  0  0  0  0/1    12:24   0:00   1:00 
Michael McLeod           0  0  0   0  0   2  0  0  0  0  6/7     7:45   0:00   2:45 
Mika Zibanejad           1  2  3   1  0   6  0  0  0  0  14/21  19:53   3:16   0:00 
Nathan Bastian           0  0  0   0  0   1  0  0  0  0  0/0     7:45   0:00   2:45 
Nick Holden              0  0  0   0  0   0  1  1  0  0  0/0     7:18   3:38   0:00 
Pavel Zacha              0  0  0   1  0   1  0  0  0  0  0/1    19:38   3:01   0:00 
Robert Thomas            0  0  0  -1  0   3  0  0  0  0  0/0    20:00   3:16   0:00 
Sam Steel                0  0  0   1  0   3  0  0  0  0  5/12   11:37   0:00   0:13 
Thomas Chabot            1  0  1   1  0   1  4  2  0  0  0/0    22:17   3:38   1:12 
Travis Hamonic           0  0  0   0  0   1  2  2  0  0  0/0    21:07   2:39   1:30 
Travis Konecny           1  2  3   1  0   8  1  0  0  0  0/4    19:53   3:16   0:00 
William Carrier          0  1  1   1  0   1  1  0  0  0  0/2    16:24   0:00   0:00 
Yanni Gourde             0  0  0  -1  0   2  4  0  0  0  2/3    20:45   3:01   1:00 

3 Stars

1 - Travis Konecny (POR)
2 - Mika Zibanejad (POR)
3 - Thomas Chabot (POR)

Power Play

COLORADO GLACIERCATS - 0 on 2 Attempt(s) - 0,00%
PORTLAND PIRATES - 1 on 4 Attempt(s) - 25,00%

Penalty Kill

COLORADO GLACIERCATS - 3 on 4 Attempt(s) - 75,00% - Score 0 goal in Penalty Kill
PORTLAND PIRATES - 2 on 2 Attempt(s) - 100,00% - Score 0 goal in Penalty Kill

Team Stat

COLORADO GLACIERCATS - Hits : 26 - Faceoff Wins : 37 - Blocked Shots : 5 - Penalty Minutes : 8
PORTLAND PIRATES - Hits : 15 - Faceoff Wins : 40 - Blocked Shots : 11 - Penalty Minutes : 4

Official

Referees : Kendrick Nicholson and Francois St-Laurent
Linesman : Andrew Smith and Shandor Alphonso

Game Notes

No Game Note

Finance

Level 1 -- Attendance: 7884 (78,84%) -- Ticket Income 1 174 716 $
Level 2 -- Attendance: 7509 (93,86%) -- Ticket Income 818 481 $
Level 3 -- Attendance: 2474 (82,47%) -- Ticket Income 244 926 $
Level 4 -- Attendance: 2500 (100,00%) -- Ticket Income 222 500 $
Luxury Box -- Attendance: 1252 (83,47%) -- Ticket Income 361 828 $
Total Attendance: 21619 (86,48%)
Total Ticket Income: 2 822 451 $
Other Expense: 28 225 $
Total Income: 2 794 226 $

COLORADO GLACIERCATS

5 vs 5 Forward 
   Center                   Left Wing                Right Wing               Time % Phy DF OF 
 1 Tage Thompson            Jamie Benn               Leon Draisaitl           35     0   1  4  
 2 Anze Kopitar             Tomas Hertl              Bryan Rust               33     0   1  4  
 3 Alexander Wennberg       Cole Perfetti            Nino Niederreiter        27     0   3  2  
 4 Anze Kopitar             Sam Lafferty             Adam Ruzicka             5      0   2  3  

5 vs 5 Defense 
   Defense                  Defense                                           Time % Phy DF OF 
 1 Kristopher Letang        Devon Toews                                       40     0   3  2  
 2 Vladislav Gavrikov       Vince Dunn                                        36     0   3  2  
 3 Mario Ferraro            Dylan Samberg                                     20     0   4  1  
 4 Kristopher Letang        Vince Dunn                                        4      0   1  4  

PowerPlay Forward 
   Center                   Left Wing                Right Wing               Time % Phy DF OF 
 1 Anze Kopitar             Tomas Hertl              Leon Draisaitl           50     0   0  5  
 2 Tage Thompson            Jamie Benn               Bryan Rust               50     1   0  4  

PowerPlay Defense
   Defense                  Defense                                           Time % Phy DF OF 
 1 Kristopher Letang        Devon Toews                                       55     0   0  5  
 2 Vince Dunn               Vladislav Gavrikov                                45     0   0  5  

Penalty Kill 4 Players Forward 
   Center                   Wing                     Time % Phy DF OF 
 1 Alexander Wennberg       Bryan Rust               50     0   5  0  
 2 Tomas Hertl              Sam Lafferty             50     0   5  0  

Penalty Kill 4 Players Defense
   Defense                  Defense                  Time % Phy DF OF 
 1 Vladislav Gavrikov       Kristopher Letang        50     0   5  0  
 2 Devon Toews              Mario Ferraro            50     0   5  0  

Penalty Kill - 3 Players Forward 
   Forward                                           Time % Phy DF OF 
 1 Tomas Hertl                                       50     0   5  0  
 2 Alexander Wennberg                                50     0   5  0  

Penalty Kill - 3 Players Defense
   Defense                  Defense                  Time % Phy DF OF 
 1 Vladislav Gavrikov       Kristopher Letang        50     0   5  0  
 2 Devon Toews              Mario Ferraro            50     0   5  0  

4 vs 4 Forward 
   Center                   Wing                     Time % Phy DF OF 
 1 Anze Kopitar             Tage Thompson            50     0   1  4  
 2 Leon Draisaitl           Tomas Hertl              50     0   1  4  

4 vs 4 Defense
   Defense                  Defense                  Time % Phy DF OF 
 1 Kristopher Letang        Vladislav Gavrikov       45     0   3  2  
 2 Devon Toews              Vince Dunn               55     0   3  2  

Last Minutes Offensive
   Center                   Left Wing                Right Wing               Defense                  Defense                  
   Tage Thompson            Tomas Hertl              Leon Draisaitl           Kristopher Letang        Devon Toews              

Last Minutes Defensive
   Center                   Left Wing                Right Wing               Defense                  Defense                  
   Alexander Wennberg       Tomas Hertl              Leon Draisaitl           Devon Toews              Vladislav Gavrikov       

Goaltenders
Starting : Andrei Vasilevskiy       
Backup : Pheonix Copley           

Extra Forwards
Normal : Anze Kopitar, Tage Thompson, Tomas Hertl - PP : Cole Perfetti, Alexander Wennberg - PK : Jamie Benn
Extra Defensemen
Normal : Vince Dunn, Mario Ferraro, Dylan Samberg - PP : Vince Dunn - PK : Vince Dunn, Vladislav Gavrikov
Penalty Shots
Tage Thompson, Leon Draisaitl, Anze Kopitar, Tomas Hertl, Jamie Benn
Custom OT Lines Forwards
Leon Draisaitl, Anze Kopitar, Tomas Hertl, Tage Thompson, Jamie Benn, Bryan Rust, Alexander Wennberg, Cole Perfetti, Nino Niederreiter, Sam Lafferty
Custom OT Lines Defensemen
Devon Toews, Kristopher Letang, Vince Dunn, Vladislav Gavrikov, Mario Ferraro

Scratches
None

PORTLAND PIRATES

5 vs 5 Forward 
   Center                   Left Wing                Right Wing               Time % Phy DF OF 
 1 Mika Zibanejad           Pavel Zacha              Travis Konecny           33     0   2  3  
 2 Chandler Stephenson      Yanni Gourde             Robert Thomas            33     0   2  3  
 3 Sam Steel                William Carrier          Michael Amadio           22     0   3  2  
 4 Michael McLeod           William Carrier          Nathan Bastian           12     0   3  2  

5 vs 5 Defense 
   Defense                  Defense                                           Time % Phy DF OF 
 1 Brett Pesce              Thomas Chabot                                     34     0   4  1  
 2 Brian Dumoulin           Travis Hamonic                                    34     0   4  1  
 3 Marc Staal               Alec Martinez                                     22     0   4  1  
 4 Nick Holden              Alec Martinez                                     10     0   4  1  

PowerPlay Forward 
   Center                   Left Wing                Right Wing               Time % Phy DF OF 
 1 Mika Zibanejad           Travis Konecny           Robert Thomas            60     0   0  5  
 2 Chandler Stephenson      Pavel Zacha              Yanni Gourde             40     0   0  5  

PowerPlay Defense
   Defense                  Defense                                           Time % Phy DF OF 
 1 Thomas Chabot            Nick Holden                                       60     0   1  4  
 2 Alec Martinez            Travis Hamonic                                    40     0   1  4  

Penalty Kill 4 Players Forward 
   Center                   Wing                     Time % Phy DF OF 
 1 Michael McLeod           Nathan Bastian           60     0   5  0  
 2 Yanni Gourde             Michael Amadio           40     0   5  0  

Penalty Kill 4 Players Defense
   Defense                  Defense                  Time % Phy DF OF 
 1 Brett Pesce              Marc Staal               60     0   5  0  
 2 Brian Dumoulin           Travis Hamonic           40     0   5  0  

Penalty Kill - 3 Players Forward 
   Forward                                           Time % Phy DF OF 
 1 Michael McLeod                                    55     0   5  0  
 2 Chandler Stephenson                               45     0   5  0  

Penalty Kill - 3 Players Defense
   Defense                  Defense                  Time % Phy DF OF 
 1 Brian Dumoulin           Nick Holden              55     0   5  0  
 2 Brett Pesce              Alec Martinez            45     0   5  0  

4 vs 4 Forward 
   Center                   Wing                     Time % Phy DF OF 
 1 Mika Zibanejad           Travis Konecny           55     0   1  4  
 2 Chandler Stephenson      Robert Thomas            45     0   1  4  

4 vs 4 Defense
   Defense                  Defense                  Time % Phy DF OF 
 1 Thomas Chabot            Nick Holden              55     0   2  3  
 2 Marc Staal               Alec Martinez            45     0   2  3  

Last Minutes Offensive
   Center                   Left Wing                Right Wing               Defense                  Defense                  
   Mika Zibanejad           Travis Konecny           Robert Thomas            Thomas Chabot            Nick Holden              

Last Minutes Defensive
   Center                   Left Wing                Right Wing               Defense                  Defense                  
   Michael McLeod           Chandler Stephenson      Yanni Gourde             Brian Dumoulin           Brett Pesce              

Goaltenders
Starting : Martin Jones             
Backup : Cameron Talbot           

Extra Forwards
Normal : William Carrier, Michael McLeod, Michael Amadio - PP : William Carrier, Sam Steel - PK : Sam Steel
Extra Defensemen
Normal : Alec Martinez, Marc Staal, Travis Hamonic - PP : Brett Pesce - PK : Alec Martinez, Thomas Chabot
Penalty Shots
Mika Zibanejad, Travis Konecny, Robert Thomas, Chandler Stephenson, Pavel Zacha
Custom OT Lines Forwards
Mika Zibanejad, Robert Thomas, Travis Konecny, Chandler Stephenson, Yanni Gourde, Pavel Zacha, Sam Steel, William Carrier, Michael McLeod, Michael Amadio
Custom OT Lines Defensemen
Thomas Chabot, Brett Pesce, Brian Dumoulin, Travis Hamonic, Marc Staal

Scratches
Ryan McLeod (Left Hip Injury), Ryan Donato (Healthy)

% Time on Ice - COLORADO GLACIERCATS

Lines # - Real PCT - Wanted PCT - Time Play
Normal Forward
1 - 34% - 35% - 16:55
2 - 32% - 33% - 15:54
3 - 28% - 27% - 14:03
4 - 6% - 5% - 2:53
Normal Defense
1 - 38% - 40% - 19:07
2 - 36% - 36% - 17:45
3 - 24% - 20% - 11:43
4 - 2% - 4% - 1:10
PP Forward
1 - 45% - 50% - 1:47
2 - 55% - 50% - 2:11
PP Defense
1 - 47% - 55% - 1:52
2 - 53% - 45% - 2:06
PK Forward
1 - 47% - 50% - 2:58
2 - 53% - 50% - 3:19
PK Defense
1 - 40% - 50% - 2:32
2 - 60% - 50% - 3:45
PK3 Forward
1 - 0% - 50%
2 - 0% - 50%
PK3 Defense
1 - 0% - 50%
2 - 0% - 50%
44 Forward
1 - 0% - 50%
2 - 0% - 50%
44 Defense
1 - 0% - 45%
2 - 0% - 55%
Last Minute Offensive  - 0:00
Last Minute Defensive  - 0:00
Total
Forward - 60:00
Defense - 60:00

% Time on Ice - PORTLAND PIRATES

Lines # - Real PCT - Wanted PCT - Time Play
Normal Forward
1 - 33% - 33% - 16:37
2 - 34% - 33% - 16:44
3 - 23% - 22% - 11:24
4 - 10% - 12% - 5:00
Normal Defense
1 - 35% - 34% - 17:27
2 - 34% - 34% - 16:58
3 - 23% - 22% - 11:40
4 - 7% - 10% - 3:40
PP Forward
1 - 52% - 60% - 3:16
2 - 48% - 40% - 3:01
PP Defense
1 - 58% - 60% - 3:38
2 - 42% - 40% - 2:39
PK Forward
1 - 75% - 60% - 2:58
2 - 25% - 40% - 1:00
PK Defense
1 - 62% - 60% - 2:28
2 - 38% - 40% - 1:30
PK3 Forward
1 - 0% - 55%
2 - 0% - 45%
PK3 Defense
1 - 0% - 55%
2 - 0% - 45%
44 Forward
1 - 0% - 55%
2 - 0% - 45%
44 Defense
1 - 0% - 55%
2 - 0% - 45%
Last Minute Offensive  - 0:00
Last Minute Defensive  - 0:00
Total
Forward - 60:00
Defense - 60:00

Play-by-Play

1st period


0:01 of 1st period - Mika Zibanejad wins face-off versus Tage Thompson in neutral zone.
0:05 of 1st period - Mika Zibanejad is hit by Devon Toews and loses puck.
0:15 of 1st period - Mika Zibanejad is hit by Devon Toews and loses puck.
0:22 of 1st period - Shot by Travis Konecny.
0:22 of 1st period - Stopped by Andrei Vasilevskiy with a rebound.
0:24 of 1st period - Shot by Brett Pesce.
0:24 of 1st period - Shot Misses the Net.
0:36 of 1st period - Shot by Travis Konecny.
0:36 of 1st period - Stopped by Andrei Vasilevskiy with a rebound.
0:38 of 1st period - Shot by Travis Konecny.
0:38 of 1st period - Stopped by Andrei Vasilevskiy without a rebound.
0:39 of 1st period - Anze Kopitar wins face-off versus Chandler Stephenson in COLORADO GLACIERCATS zone.
0:56 of 1st period - Shot by Anze Kopitar.
0:56 of 1st period - Stopped by Martin Jones with a rebound.
1:16 of 1st period - Shot by Anze Kopitar.
1:16 of 1st period - Goal by Anze Kopitar - COLORADO GLACIERCATS : 1 - PORTLAND PIRATES : 0.
1:17 of 1st period - Sam Steel wins face-off versus Alexander Wennberg in neutral zone.
1:29 of 1st period - Sam Steel is hit by Dylan Samberg and loses puck.
2:00 of 1st period - Shot by Nino Niederreiter.
2:00 of 1st period - Stopped by Martin Jones without a rebound.
2:01 of 1st period - Anze Kopitar wins face-off versus Chandler Stephenson in PORTLAND PIRATES zone.
2:21 of 1st period - Anze Kopitar is hit by Thomas Chabot and loses puck.
2:30 of 1st period - Brett Pesce is hit by Sam Lafferty and loses puck.
2:39 of 1st period - Yanni Gourde is hit by Sam Lafferty and loses puck.
2:43 of 1st period - Thomas Chabot is hit by Sam Lafferty and loses puck.
3:25 of 1st period - Pavel Zacha is hit by Vince Dunn and loses puck.
3:42 of 1st period - Travis Hamonic is hit by Leon Draisaitl.
3:46 of 1st period - Shot by Leon Draisaitl.
3:46 of 1st period - Deflect By Tage Thompson.
3:46 of 1st period - Shot Misses the Net.
4:36 of 1st period - Shot by Nathan Bastian.
4:36 of 1st period - Shot Misses the Net.
4:38 of 1st period - Shot by Alec Martinez.
4:38 of 1st period - Stopped by Andrei Vasilevskiy without a rebound.
4:39 of 1st period - Tomas Hertl wins face-off versus Chandler Stephenson in COLORADO GLACIERCATS zone.
5:16 of 1st period - Shot by Robert Thomas.
5:16 of 1st period - Shot Misses the Net.
5:28 of 1st period - Shot by Chandler Stephenson.
5:28 of 1st period - Shot Hit the Post.
5:38 of 1st period - Shot by William Carrier.
5:38 of 1st period - Stopped by Andrei Vasilevskiy without a rebound.
5:39 of 1st period - Sam Steel wins face-off versus Alexander Wennberg in COLORADO GLACIERCATS zone.
7:18 of 1st period - Icing by Travis Hamonic.
7:19 of 1st period - Anze Kopitar wins face-off versus Mika Zibanejad in PORTLAND PIRATES zone.
7:22 of 1st period - Shot by Bryan Rust.
7:22 of 1st period - Shot Misses the Net.
7:38 of 1st period - Shot by Anze Kopitar.
7:38 of 1st period - Stopped by Martin Jones without a rebound.
7:39 of 1st period - Tage Thompson wins face-off versus Chandler Stephenson in PORTLAND PIRATES zone.
7:48 of 1st period - Shot by Tage Thompson.
7:48 of 1st period - Shot Blocked by Chandler Stephenson.
7:56 of 1st period - Shot by Jamie Benn.
7:56 of 1st period - Shot Misses the Net.
7:58 of 1st period - Shot by Mario Ferraro.
7:58 of 1st period - Stopped by Martin Jones without a rebound.
7:59 of 1st period - Michael McLeod wins face-off versus Anze Kopitar in PORTLAND PIRATES zone.
8:16 of 1st period - Shot by Michael McLeod.
8:16 of 1st period - Stopped by Andrei Vasilevskiy without a rebound.
8:17 of 1st period - Chandler Stephenson wins face-off versus Tage Thompson in COLORADO GLACIERCATS zone.
8:30 of 1st period - Dylan Samberg is hit by Yanni Gourde and loses puck.
8:37 of 1st period - Leon Draisaitl is hit by Yanni Gourde and loses puck.
9:24 of 1st period - Shot by William Carrier.
9:24 of 1st period - Shot Misses the Net.
9:26 of 1st period - Shot by Travis Hamonic.
9:26 of 1st period - Stopped by Andrei Vasilevskiy without a rebound.
9:27 of 1st period - Anze Kopitar wins face-off versus Travis Konecny in COLORADO GLACIERCATS zone.
9:36 of 1st period - Shot by Bryan Rust.
9:36 of 1st period - Deflect By Anze Kopitar.
9:36 of 1st period - Shot Misses the Net.
9:57 of 1st period - Travis Konecny is hit by Vince Dunn and loses puck.
10:13 of 1st period - Pavel Zacha is hit by Vladislav Gavrikov and loses puck.
10:30 of 1st period - Minor Penalty to Tomas Hertl for Hooking.
10:31 of 1st period - Sam Lafferty wins face-off versus Chandler Stephenson in COLORADO GLACIERCATS zone.
11:36 of 1st period - Shot by Robert Thomas.
11:36 of 1st period - Stopped by Andrei Vasilevskiy without a rebound.
11:37 of 1st period - Jamie Benn wins face-off versus Travis Konecny in COLORADO GLACIERCATS zone.
13:05 of 1st period - Icing by Sam Steel.
13:06 of 1st period - Anze Kopitar wins face-off versus William Carrier in PORTLAND PIRATES zone.
13:06 of 1st period - Bryan Rust is hit by Travis Hamonic and loses puck.
13:15 of 1st period - Shot by Sam Steel.
13:15 of 1st period - Stopped by Andrei Vasilevskiy without a rebound.
13:16 of 1st period - Anze Kopitar wins face-off versus Chandler Stephenson in COLORADO GLACIERCATS zone.
13:39 of 1st period - Shot by Vince Dunn.
13:39 of 1st period - Shot Misses the Net.
13:41 of 1st period - Shot by Vince Dunn.
13:41 of 1st period - Shot Misses the Net.
14:06 of 1st period - Devon Toews is hit by Thomas Chabot.
14:10 of 1st period - Shot by Alexander Wennberg.
14:10 of 1st period - Shot Blocked by Chandler Stephenson.
15:00 of 1st period - Shot by Travis Konecny.
15:00 of 1st period - Stopped by Andrei Vasilevskiy with a rebound.
15:02 of 1st period - Shot by Mika Zibanejad.
15:02 of 1st period - Shot Blocked by Devon Toews.
15:38 of 1st period - Shot by Tage Thompson.
15:38 of 1st period - Deflect By Leon Draisaitl.
15:38 of 1st period - Stopped by Martin Jones with a rebound.
16:53 of 1st period - Shot by Mika Zibanejad.
16:53 of 1st period - Stopped by Andrei Vasilevskiy without a rebound.
16:54 of 1st period - Sam Steel wins face-off versus Anze Kopitar in COLORADO GLACIERCATS zone.
17:25 of 1st period - Travis Hamonic is hit by Anze Kopitar.
18:21 of 1st period - Minor Penalty to Brett Pesce for Hooking.
18:22 of 1st period - Michael McLeod wins face-off versus Anze Kopitar in PORTLAND PIRATES zone.
19:20 of 1st period - Shot by Jamie Benn.
19:20 of 1st period - Stopped by Martin Jones without a rebound.
19:21 of 1st period - Jamie Benn wins face-off versus Yanni Gourde in PORTLAND PIRATES zone.
19:22 of 1st period - Shot by Vince Dunn.
19:22 of 1st period - Shot Misses the Net.
19:42 of 1st period - Shot by Bryan Rust.
19:42 of 1st period - Shot Blocked by Travis Hamonic.
Goals for this period are 1 for COLORADO GLACIERCATS vs 0 for PORTLAND PIRATES.
Shots for this period are 7 for COLORADO GLACIERCATS vs 11 for PORTLAND PIRATES.

2nd period


0:01 of 2nd period - Michael McLeod wins face-off versus Anze Kopitar in neutral zone.
0:16 of 2nd period - Shot by Tomas Hertl.
0:16 of 2nd period - Stopped by Martin Jones without a rebound.
0:17 of 2nd period - Michael McLeod wins face-off versus Tage Thompson in PORTLAND PIRATES zone.
0:17 of 2nd period - Michael McLeod is hit by Jamie Benn.
0:53 of 2nd period - Devon Toews is hit by Yanni Gourde and loses puck.
1:00 of 2nd period - Yanni Gourde is hit by Nino Niederreiter and loses puck.
1:06 of 2nd period - Icing by Thomas Chabot.
1:07 of 2nd period - Yanni Gourde wins face-off versus Anze Kopitar in PORTLAND PIRATES zone.
1:09 of 2nd period - Icing by Chandler Stephenson.
1:10 of 2nd period - Anze Kopitar wins face-off versus Chandler Stephenson in PORTLAND PIRATES zone.
1:54 of 2nd period - Icing by Marc Staal.
1:55 of 2nd period - Tage Thompson wins face-off versus Mika Zibanejad in PORTLAND PIRATES zone.
1:55 of 2nd period - Tage Thompson is hit by Marc Staal.
2:03 of 2nd period - Shot by Tage Thompson.
2:03 of 2nd period - Stopped by Martin Jones without a rebound.
2:04 of 2nd period - Tage Thompson wins face-off versus Sam Steel in PORTLAND PIRATES zone.
2:04 of 2nd period - Tage Thompson is hit by Travis Hamonic.
2:06 of 2nd period - Shot by Leon Draisaitl.
2:06 of 2nd period - Deflect By Tage Thompson.
2:06 of 2nd period - Shot Blocked by Travis Hamonic.
2:17 of 2nd period - Icing by Devon Toews.
2:18 of 2nd period - Tage Thompson wins face-off versus Mika Zibanejad in COLORADO GLACIERCATS zone.
2:29 of 2nd period - Shot by Leon Draisaitl.
2:29 of 2nd period - Goal by Leon Draisaitl - COLORADO GLACIERCATS : 2 - PORTLAND PIRATES : 0.
2:30 of 2nd period - Anze Kopitar wins face-off versus Sam Steel in neutral zone.
2:39 of 2nd period - Shot by Anze Kopitar.
2:39 of 2nd period - Stopped by Martin Jones without a rebound.
2:40 of 2nd period - Mika Zibanejad wins face-off versus Anze Kopitar in PORTLAND PIRATES zone.
2:45 of 2nd period - Shot by Pavel Zacha.
2:45 of 2nd period - Stopped by Andrei Vasilevskiy without a rebound.
2:46 of 2nd period - Mika Zibanejad wins face-off versus Tage Thompson in COLORADO GLACIERCATS zone.
3:14 of 2nd period - Shot by Tage Thompson.
3:14 of 2nd period - Stopped by Martin Jones with a rebound.
3:25 of 2nd period - Shot by Leon Draisaitl.
3:25 of 2nd period - Shot Misses the Net.
3:27 of 2nd period - Shot by Kristopher Letang.
3:27 of 2nd period - Stopped by Martin Jones with a rebound.
4:01 of 2nd period - Shot by Yanni Gourde.
4:01 of 2nd period - Shot Blocked by Vladislav Gavrikov.
4:05 of 2nd period - Shot by Yanni Gourde.
4:05 of 2nd period - Shot Misses the Net.
4:07 of 2nd period - Shot by Marc Staal.
4:07 of 2nd period - Stopped by Andrei Vasilevskiy without a rebound.
4:08 of 2nd period - Sam Steel wins face-off versus Alexander Wennberg in COLORADO GLACIERCATS zone.
4:21 of 2nd period - Icing by Dylan Samberg.
4:22 of 2nd period - Chandler Stephenson wins face-off versus Alexander Wennberg in COLORADO GLACIERCATS zone.
5:37 of 2nd period - Shot by Michael McLeod.
5:37 of 2nd period - Stopped by Andrei Vasilevskiy without a rebound.
5:38 of 2nd period - Mika Zibanejad wins face-off versus Tage Thompson in COLORADO GLACIERCATS zone.
5:38 of 2nd period - Mika Zibanejad is hit by Vladislav Gavrikov.
5:45 of 2nd period - Travis Konecny is hit by Vladislav Gavrikov and loses puck.
5:54 of 2nd period - Shot by Mika Zibanejad.
5:54 of 2nd period - Stopped by Andrei Vasilevskiy without a rebound.
5:55 of 2nd period - Sam Steel wins face-off versus Anze Kopitar in COLORADO GLACIERCATS zone.
6:14 of 2nd period - Shot by Anze Kopitar.
6:14 of 2nd period - Stopped by Martin Jones with a rebound.
6:16 of 2nd period - Shot by Kristopher Letang.
6:16 of 2nd period - Shot Misses the Net.
6:33 of 2nd period - Bryan Rust is hit by Thomas Chabot and loses puck.
7:25 of 2nd period - Travis Konecny is hit by Vladislav Gavrikov and loses puck.
7:30 of 2nd period - Shot by Travis Konecny.
7:30 of 2nd period - Shot Misses the Net.
7:43 of 2nd period - Mika Zibanejad is hit by Vladislav Gavrikov and loses puck.
8:12 of 2nd period - Shot by Robert Thomas.
8:12 of 2nd period - Deflect By Chandler Stephenson.
8:12 of 2nd period - Stopped by Andrei Vasilevskiy without a rebound.
8:13 of 2nd period - Michael McLeod wins face-off versus Anze Kopitar in COLORADO GLACIERCATS zone.
8:39 of 2nd period - Michael McLeod is hit by Kristopher Letang and loses puck.
8:43 of 2nd period - Minor Penalty to Anze Kopitar for Holding.
8:44 of 2nd period - Mika Zibanejad wins face-off versus Alexander Wennberg in COLORADO GLACIERCATS zone.
9:49 of 2nd period - Icing by Chandler Stephenson.
9:50 of 2nd period - Alexander Wennberg wins face-off versus Chandler Stephenson in PORTLAND PIRATES zone.
10:52 of 2nd period - Icing by Brett Pesce.
10:53 of 2nd period - Tage Thompson wins face-off versus Sam Steel in PORTLAND PIRATES zone.
11:55 of 2nd period - Shot by Chandler Stephenson.
11:55 of 2nd period - Stopped by Andrei Vasilevskiy without a rebound.
11:56 of 2nd period - Mika Zibanejad wins face-off versus Alexander Wennberg in COLORADO GLACIERCATS zone.
11:59 of 2nd period - Shot by Mika Zibanejad.
11:59 of 2nd period - Shot Blocked by Kristopher Letang.
12:05 of 2nd period - Shot by Alexander Wennberg.
12:05 of 2nd period - Deflect By Nino Niederreiter.
12:05 of 2nd period - Stopped by Martin Jones with a rebound.
12:07 of 2nd period - Shot by Kristopher Letang.
12:07 of 2nd period - Shot Misses the Net.
12:19 of 2nd period - Shot by Alexander Wennberg.
12:19 of 2nd period - Stopped by Martin Jones with a rebound.
12:39 of 2nd period - Shot by Cole Perfetti.
12:39 of 2nd period - Shot Blocked by Alec Martinez.
12:40 of 2nd period - Minor Penalty to Marc Staal for Tripping.
12:41 of 2nd period - Anze Kopitar wins face-off versus Michael McLeod in PORTLAND PIRATES zone.
13:09 of 2nd period - Shot by Anze Kopitar.
13:09 of 2nd period - Shot Blocked by Brett Pesce.
13:11 of 2nd period - Shot by Anze Kopitar.
13:11 of 2nd period - Shot Blocked by Brett Pesce.
13:13 of 2nd period - Shot by Vince Dunn.
13:13 of 2nd period - Shot Misses the Net.
13:15 of 2nd period - Shot by Vladislav Gavrikov.
13:15 of 2nd period - Shot Misses the Net.
13:53 of 2nd period - Shot by Bryan Rust.
13:53 of 2nd period - Stopped by Martin Jones without a rebound.
13:54 of 2nd period - Yanni Gourde wins face-off versus Tage Thompson in PORTLAND PIRATES zone.
14:25 of 2nd period - Shot by Kristopher Letang.
14:25 of 2nd period - Shot Misses the Net.
14:45 of 2nd period - Shot by Cole Perfetti.
14:45 of 2nd period - Stopped by Martin Jones without a rebound.
14:46 of 2nd period - Chandler Stephenson wins face-off versus Alexander Wennberg in PORTLAND PIRATES zone.
15:11 of 2nd period - Vince Dunn is hit by Chandler Stephenson and loses puck.
15:36 of 2nd period - Icing by Alexander Wennberg.
15:37 of 2nd period - Alexander Wennberg wins face-off versus Travis Konecny in COLORADO GLACIERCATS zone.
16:03 of 2nd period - Shot by Anze Kopitar.
16:03 of 2nd period - Stopped by Martin Jones with a rebound.
16:47 of 2nd period - Shot by Sam Steel.
16:47 of 2nd period - Shot Blocked by Anze Kopitar.
17:11 of 2nd period - Icing by Brett Pesce.
17:12 of 2nd period - Tage Thompson wins face-off versus Sam Steel in PORTLAND PIRATES zone.
17:13 of 2nd period - Shot by Leon Draisaitl.
17:13 of 2nd period - Shot Misses the Net.
17:19 of 2nd period - Shot by Jamie Benn.
17:19 of 2nd period - Deflect By Tage Thompson.
17:19 of 2nd period - Stopped by Martin Jones without a rebound.
17:20 of 2nd period - Chandler Stephenson wins face-off versus Tage Thompson in PORTLAND PIRATES zone.
17:31 of 2nd period - Shot by Tage Thompson.
17:31 of 2nd period - Shot Blocked by Nick Holden.
17:33 of 2nd period - Shot by Jamie Benn.
17:33 of 2nd period - Stopped by Martin Jones without a rebound.
17:34 of 2nd period - Alexander Wennberg wins face-off versus Mika Zibanejad in PORTLAND PIRATES zone.
17:35 of 2nd period - Shot by Nino Niederreiter.
17:35 of 2nd period - Shot Misses the Net.
18:07 of 2nd period - Shot by Pavel Zacha.
18:07 of 2nd period - Shot Misses the Net.
18:17 of 2nd period - Shot by Travis Konecny.
18:17 of 2nd period - Deflect By Mika Zibanejad.
18:17 of 2nd period - Stopped by Andrei Vasilevskiy without a rebound.
18:18 of 2nd period - Chandler Stephenson wins face-off versus Bryan Rust in COLORADO GLACIERCATS zone.
18:21 of 2nd period - Shot by Robert Thomas.
18:21 of 2nd period - Shot Misses the Net.
18:23 of 2nd period - Shot by Thomas Chabot.
18:23 of 2nd period - Shot Misses the Net.
18:41 of 2nd period - Shot by Robert Thomas.
18:41 of 2nd period - Deflect By Yanni Gourde.
18:41 of 2nd period - Shot Misses the Net.
18:59 of 2nd period - Shot by Robert Thomas.
18:59 of 2nd period - Stopped by Andrei Vasilevskiy without a rebound.
19:00 of 2nd period - Michael McLeod wins face-off versus Tage Thompson in COLORADO GLACIERCATS zone.
19:00 of 2nd period - Nathan Bastian is hit by Vince Dunn and loses puck.
19:10 of 2nd period - Tage Thompson is hit by Nick Holden and loses puck.
Goals for this period are 1 for COLORADO GLACIERCATS vs 0 for PORTLAND PIRATES.
Shots for this period are 14 for COLORADO GLACIERCATS vs 8 for PORTLAND PIRATES.

3rd period


0:01 of 3rd period - Chandler Stephenson wins face-off versus Anze Kopitar in neutral zone.
0:12 of 3rd period - Shot by Yanni Gourde.
0:12 of 3rd period - Stopped by Andrei Vasilevskiy without a rebound.
0:13 of 3rd period - Tage Thompson wins face-off versus Mika Zibanejad in COLORADO GLACIERCATS zone.
0:23 of 3rd period - Shot by Tage Thompson.
0:23 of 3rd period - Stopped by Martin Jones without a rebound.
0:24 of 3rd period - Chandler Stephenson wins face-off versus Anze Kopitar in PORTLAND PIRATES zone.
0:24 of 3rd period - Minor Penalty to Anze Kopitar for High sticking.
0:25 of 3rd period - Mika Zibanejad wins face-off versus Alexander Wennberg in COLORADO GLACIERCATS zone.
0:28 of 3rd period - Shot by Robert Thomas.
0:28 of 3rd period - Shot Misses the Net.
0:42 of 3rd period - Shot by Travis Konecny.
0:42 of 3rd period - Shot Misses the Net.
0:44 of 3rd period - Shot by Thomas Chabot.
0:44 of 3rd period - Goal by Thomas Chabot - COLORADO GLACIERCATS : 2 - PORTLAND PIRATES : 1.
0:45 of 3rd period - Tage Thompson wins face-off versus William Carrier in neutral zone.
1:15 of 3rd period - Shot by Sam Steel.
1:15 of 3rd period - Stopped by Andrei Vasilevskiy without a rebound.
1:16 of 3rd period - Anze Kopitar wins face-off versus Chandler Stephenson in COLORADO GLACIERCATS zone.
1:25 of 3rd period - Icing by Robert Thomas.
1:26 of 3rd period - Chandler Stephenson wins face-off versus Anze Kopitar in PORTLAND PIRATES zone.
1:59 of 3rd period - Shot by Kristopher Letang.
1:59 of 3rd period - Shot Blocked by Thomas Chabot.
2:01 of 3rd period - Shot by Anze Kopitar.
2:01 of 3rd period - Shot Blocked by Thomas Chabot.
2:03 of 3rd period - Shot by Devon Toews.
2:03 of 3rd period - Stopped by Martin Jones without a rebound.
2:04 of 3rd period - Mika Zibanejad wins face-off versus Tage Thompson in PORTLAND PIRATES zone.
2:23 of 3rd period - Shot by Travis Konecny.
2:23 of 3rd period - Stopped by Andrei Vasilevskiy with a rebound.
2:25 of 3rd period - Shot by Mika Zibanejad.
2:25 of 3rd period - Goal by Mika Zibanejad - COLORADO GLACIERCATS : 2 - PORTLAND PIRATES : 2.
2:26 of 3rd period - Alexander Wennberg wins face-off versus Sam Steel in neutral zone.
2:43 of 3rd period - Michael Amadio is hit by Cole Perfetti and loses puck.
2:52 of 3rd period - Nino Niederreiter is hit by William Carrier and loses puck.
3:39 of 3rd period - Shot by Robert Thomas.
3:39 of 3rd period - Deflect By Chandler Stephenson.
3:39 of 3rd period - Stopped by Andrei Vasilevskiy without a rebound.
3:40 of 3rd period - Mika Zibanejad wins face-off versus Tage Thompson in COLORADO GLACIERCATS zone.
3:55 of 3rd period - Shot by Tage Thompson.
3:55 of 3rd period - Stopped by Martin Jones without a rebound.
3:56 of 3rd period - Anze Kopitar wins face-off versus Chandler Stephenson in PORTLAND PIRATES zone.
4:22 of 3rd period - Robert Thomas is hit by Devon Toews and loses puck.
4:37 of 3rd period - Shot by Tomas Hertl.
4:37 of 3rd period - Stopped by Martin Jones without a rebound.
4:38 of 3rd period - Tage Thompson wins face-off versus Mika Zibanejad in PORTLAND PIRATES zone.
4:42 of 3rd period - Icing by Thomas Chabot.
4:43 of 3rd period - Jamie Benn wins face-off versus Travis Konecny in PORTLAND PIRATES zone.
4:43 of 3rd period - Jamie Benn is hit by Thomas Chabot.
5:28 of 3rd period - Icing by Travis Konecny.
5:29 of 3rd period - Mika Zibanejad wins face-off versus Anze Kopitar in PORTLAND PIRATES zone.
5:40 of 3rd period - Shot by Travis Konecny.
5:40 of 3rd period - Stopped by Andrei Vasilevskiy without a rebound.
5:41 of 3rd period - Chandler Stephenson wins face-off versus Alexander Wennberg in COLORADO GLACIERCATS zone.
5:48 of 3rd period - Shot by Robert Thomas.
5:48 of 3rd period - Shot Misses the Net.
7:05 of 3rd period - Shot by Nathan Bastian.
7:05 of 3rd period - Stopped by Andrei Vasilevskiy without a rebound.
7:06 of 3rd period - Mika Zibanejad wins face-off versus Tage Thompson in COLORADO GLACIERCATS zone.
7:07 of 3rd period - Shot by Travis Konecny.
7:07 of 3rd period - Stopped by Andrei Vasilevskiy with a rebound.
7:39 of 3rd period - Mika Zibanejad is hit by Vince Dunn.
8:11 of 3rd period - Alec Martinez is hit by Tomas Hertl and loses puck.
8:18 of 3rd period - Shot by Anze Kopitar.
8:18 of 3rd period - Shot Blocked by Marc Staal.
8:20 of 3rd period - Shot by Tomas Hertl.
8:20 of 3rd period - Shot Misses the Net.
8:22 of 3rd period - Shot by Tomas Hertl.
8:22 of 3rd period - Shot Misses the Net.
8:26 of 3rd period - Shot by Bryan Rust.
8:26 of 3rd period - Stopped by Martin Jones without a rebound.
8:27 of 3rd period - Anze Kopitar wins face-off versus Chandler Stephenson in PORTLAND PIRATES zone.
8:28 of 3rd period - Shot by Sam Lafferty.
8:28 of 3rd period - Shot Hit the Post.
8:47 of 3rd period - Shot by Robert Thomas.
8:47 of 3rd period - Shot Misses the Net.
9:11 of 3rd period - Shot by Chandler Stephenson.
9:11 of 3rd period - Shot Misses the Net.
10:37 of 3rd period - Shot by Jamie Benn.
10:37 of 3rd period - Shot Misses the Net.
10:45 of 3rd period - Shot by Tage Thompson.
10:45 of 3rd period - Stopped by Martin Jones without a rebound.
10:46 of 3rd period - Chandler Stephenson wins face-off versus Anze Kopitar in PORTLAND PIRATES zone.
11:27 of 3rd period - Shot by Yanni Gourde.
11:27 of 3rd period - Shot Misses the Net.
11:52 of 3rd period - Icing by Devon Toews.
11:53 of 3rd period - Tage Thompson wins face-off versus Pavel Zacha in COLORADO GLACIERCATS zone.
12:00 of 3rd period - Leon Draisaitl is hit by Travis Konecny and loses puck.
12:19 of 3rd period - Icing by Devon Toews.
12:20 of 3rd period - Tage Thompson wins face-off versus Michael Amadio in COLORADO GLACIERCATS zone.
12:34 of 3rd period - Off-side.
12:35 of 3rd period - Mika Zibanejad wins face-off versus Alexander Wennberg in neutral zone.
13:00 of 3rd period - Shot by Mika Zibanejad.
13:00 of 3rd period - Shot Misses the Net.
13:02 of 3rd period - Shot by Travis Konecny.
13:02 of 3rd period - Goal by Travis Konecny - COLORADO GLACIERCATS : 2 - PORTLAND PIRATES : 3.
13:03 of 3rd period - Chandler Stephenson wins face-off versus Anze Kopitar in neutral zone.
13:03 of 3rd period - Yanni Gourde is hit by Bryan Rust.
13:22 of 3rd period - Icing by Vladislav Gavrikov.
13:23 of 3rd period - Mika Zibanejad wins face-off versus Bryan Rust in COLORADO GLACIERCATS zone.
13:25 of 3rd period - Travis Konecny is hit by Vince Dunn and loses puck.
13:53 of 3rd period - Minor Penalty to Anze Kopitar for Hooking.
13:54 of 3rd period - Chandler Stephenson wins face-off versus Alexander Wennberg in COLORADO GLACIERCATS zone.
15:04 of 3rd period - Shot by Mika Zibanejad.
15:04 of 3rd period - Shot Misses the Net.
15:22 of 3rd period - Shot by Mika Zibanejad.
15:22 of 3rd period - Stopped by Andrei Vasilevskiy without a rebound.
15:23 of 3rd period - Chandler Stephenson wins face-off versus Alexander Wennberg in COLORADO GLACIERCATS zone.
15:30 of 3rd period - Shot by Yanni Gourde.
15:30 of 3rd period - Stopped by Andrei Vasilevskiy without a rebound.
15:31 of 3rd period - Tomas Hertl wins face-off versus Mika Zibanejad in COLORADO GLACIERCATS zone.
15:42 of 3rd period - Shot by Mika Zibanejad.
15:42 of 3rd period - Stopped by Andrei Vasilevskiy with a rebound.
15:44 of 3rd period - Shot by Travis Konecny.
15:44 of 3rd period - Deflect By Robert Thomas.
15:44 of 3rd period - Stopped by Andrei Vasilevskiy without a rebound.
15:45 of 3rd period - Tomas Hertl wins face-off versus Chandler Stephenson in COLORADO GLACIERCATS zone.
15:45 of 3rd period - Tomas Hertl is hit by Yanni Gourde.
16:03 of 3rd period - Shot by Michael Amadio.
16:03 of 3rd period - Shot Hit the Post.
16:05 of 3rd period - Shot by Marc Staal.
16:05 of 3rd period - Goal by Marc Staal - COLORADO GLACIERCATS : 2 - PORTLAND PIRATES : 4.
16:06 of 3rd period - Alexander Wennberg wins face-off versus Chandler Stephenson in neutral zone.
16:40 of 3rd period - Shot by Alexander Wennberg.
16:40 of 3rd period - Stopped by Martin Jones with a rebound.
17:04 of 3rd period - Yanni Gourde is hit by Nino Niederreiter and loses puck.
17:39 of 3rd period - Shot by Sam Steel.
17:39 of 3rd period - Stopped by Andrei Vasilevskiy without a rebound.
17:40 of 3rd period - Mika Zibanejad wins face-off versus Tage Thompson in COLORADO GLACIERCATS zone.
17:47 of 3rd period - Shot by Mika Zibanejad.
17:47 of 3rd period - Shot Blocked by Mario Ferraro.
18:37 of 3rd period - Off-side.
18:38 of 3rd period - Anze Kopitar wins face-off versus Sam Steel in neutral zone.
19:33 of 3rd period - Icing by Alec Martinez.
19:34 of 3rd period - Tage Thompson wins face-off versus Sam Steel in PORTLAND PIRATES zone.
Goals for this period are 0 for COLORADO GLACIERCATS vs 4 for PORTLAND PIRATES.
Shots for this period are 7 for COLORADO GLACIERCATS vs 16 for PORTLAND PIRATES.


BLAKE
WHEELER
STEVEN
STAMKOS
DREW
DOUGHTY

EAST COAST

HOCKEY LEAGUE

  • 63.RHI2PIT5
  • 64.WOR4ATL3
  • 65.QUECHW
  • 66.CHATRV